 Dungeon Crawl Stone Soup version 0.23.1 (webtiles) character file.

Game seed: 14665649739963382583

12473 Kniotic the Severer (level 11, -9/148 HPs)
             Began as a Minotaur Berserker on Mar 9, 2019.
             Was a High Priest of Trog.
             Mangled by a red ugly thing (16 damage)
             ... on level 10 of the Dungeon.
             The game lasted 00:09:57 (10096 turns).

Kniotic the Severer (Minotaur Berserker)           Turns: 10096, Time: 00:09:57

Health: -9/148     AC: 18    Str: 29    XL:     11   Next: 62%
Magic:  10/10      EV:  9    Int:  4    God:    Trog [*****.]
Gold:   359        SH:  0    Dex: 11    Spells: 10/10 levels left

rFire    . . .     SeeInvis .   E - +2 executioner's axe (venom)
rCold    . . .     Gourm    .   (shield currently unavailable)
rNeg     . . .     Faith    .   z - +0 plate armour
rPois    .         Spirit   .   (helmet restricted)
rElec    .         Reflect  .   B - +0 cloak
rCorr    .         Harm     .   g - +0 pair of gloves
MR       .....                  t - +0 pair of boots
Stlth    ..........             (no amulet)
HPRegen  0.34/turn              (no ring)
MPRegen  0.12/turn              (no ring)

@: berserking, lethally poisoned (-9 -> -15), very quick
A: retaliatory headbutt, horns 2
a: Berserk, Trog's Hand, Brothers in Arms, Renounce Religion


You were on level 10 of the Dungeon.
You worshipped Trog.
Trog was extremely pleased with you.
You were near starving.

You visited 1 branch of the dungeon, and saw 10 of its levels.

You collected 359 gold pieces.

Inventory:

Hand Weapons
 h - a +1 war axe of electrocution
 v - a +2 war axe of freezing
 E - a +2 executioner's axe of venom (weapon)
Armour
 g - a +0 pair of gloves (worn)
 t - a +0 pair of boots (worn)
 z - a +0 plate armour (worn)
 B - a +0 cloak (worn)
Jewellery
 f - an uncursed ring of see invisible {unknown}
 j - a cursed ring of attention {unknown}
 k - an uncursed ring of protection from cold {unknown}
 m - a +5 ring of dexterity {unknown}
 G - an uncursed ring of protection from magic {unknown}
 H - an uncursed amulet of the acrobat {unknown}
Wands
 A - a wand of random effects (26)
Scrolls
 d - 3 scrolls of enchant armour
 e - a scroll of immolation
 n - 9 scrolls of identify
 w - 3 scrolls of fear {unknown}
 x - 2 scrolls of enchant weapon
 y - 5 scrolls of remove curse
 C - 2 scrolls of magic mapping {unknown}
 D - 8 scrolls of teleportation
 F - a scroll of blinking {unknown}
 I - a scroll of vulnerability {unknown}
Potions
 a - 4 potions of curing {unknown}
 b - a potion of lignification {unknown}
 i - a potion of resistance
 l - a potion of agility {unknown}
 o - 2 potions of haste {unknown}
 p - a potion of invisibility {unknown}
 q - 2 potions of brilliance {unknown}
 r - 6 potions of heal wounds {unknown}
 s - a potion of might {unknown}
 u - 4 potions of flight {unknown}
Comestibles
 c - 18 rations


   Skills:
 + Level 10.0 Fighting
 - Level 17.1 Axes
 + Level 9.6 Armour
 - Level 2.1 Dodging


You had 10 spell levels left.
You didn't know any spells.
Your spell library was empty.

Dungeon Overview and Level Annotations

Branches:
Dungeon (10/15)            Temple (0/1) D:7            Lair (0/6) D:9
    Orc: D:9-12

Altars:
Ashenzari
Dithmenos
Fedhas
Makhleb
Nemelex Xobeh
Trog
Uskayaw
Wu Jian
Xom
Yredelemnul
The Shining One

Shops:
D:4 [


Innate Abilities, Weirdness & Mutations

You reflexively headbutt those who attack you in melee.
You have a pair of horns on your head.


Message History

The freezing wraith hits you but does no damage.
You hit the freezing wraith but do no damage.
The freezing wraith is severely damaged.
You feel sick.
You slice the ogre mage!!
The ogre mage looks as sick as possible!
You headbutt the ogre mage!
The ogre mage is severely wounded.
You slice the freezing wraith!!
You destroy the freezing wraith!
Trog accepts your kill.
Your Fighting skill increases to level 10!
The ogre mage mumbles some strange words.
The ogre mage flickers and vanishes!
You miss something. You slice the red ugly thing!!
The red ugly thing looks as sick as possible!
You feel sick. The red ugly thing bites you.
* * * LOW HITPOINT WARNING * * *
You are engulfed in flames!
You die...

# #^###### ## ##...#. #
#......#####... ....... #
#..#.#.#....... ....... ##
#..#.#..#.# ....### .#
##.##.##...###..........
.##
#..#.###..............##
..#
##.###..##.####.....<..##
#.## #..# #.#.#..#
####....<.. #..#
##.###.#{@##.###..........
##.## #..#
##.##u#..##.......... #..#
##.## #.#.{##.##.........)
##.# #..#
.#.#.##..#..........
#.###.##
.#..#T†##.#..........
#.##..# ####
##..#........#... #.##.##
..O.).....##.......#...
#.#..#
.#u.8.)#.###..######...
#.#.## .##)8|##$# ##(##
#....


You could see a red ugly thing and a troll.

Vanquished Creatures
  Harold (D:8)
  3 two-headed ogres
  A centaur skeleton (D:10)
  A gargoyle (D:10)
  A freezing wraith (D:10)
  A troll (D:9)
  A hornet (D:10)
  3 slime creatures (D:9)
  2 hippogriffs (D:9)
  9 yaks
  Sigmund (D:3)
  A wyvern (D:10)
  A hungry ghost (D:7)
  A soldier ant (D:10)
  A water moccasin (D:10)
  2 orc warriors
  3 ice beasts
  2 black bears
  A necrophage (D:10)
  An ogre (D:5)
  3 phantoms
  4 centaurs
  4 wolves (D:9)
  A big kobold (D:10)
  7 bullfrogs
  4 scorpions
  8 killer bees
  19 wights
  5 electric eels
  3 jellies
  4 howler monkeys
  4 crimson imps
  12 hounds
  2 bullfrog skeletons
  2 bullfrog zombies
  2 centaur zombies
  9 orc wizards
  3 orc priests
  Terence (D:2)
  8 iguanas
  A worker ant (D:4)
  A killer bee zombie (D:7)
  A hound skeleton (D:8)
  9 gnolls
  A howler monkey skeleton (D:8)
  17 adders
  A shadow imp (D:8)
  3 oozes
  8 worms
  5 dart slugs
  6 leopard geckos
  31 orcs
  2 ball pythons
  4 giant cockroaches
  8 hobgoblins
  8 jackals
  4 quokkas
  11 bats
  5 frilled lizards
  A giant cockroach zombie (D:5)
  8 goblins
  15 kobolds
  A leopard gecko skeleton (D:4)
  A quokka zombie (D:10)
  5 rats
  A plant (D:6)
300 creatures vanquished.

Notes
Turn   | Place    | Note
-------+----------+-------------------------------------------
     0 | D:1      | Kniotic the Minotaur Berserker began the quest for the Orb.
     0 | D:1      | Reached XP level 1. HP: 19/19 MP: 0/0
   151 | D:1      | Reached skill level 4 in Axes
   243 | D:1      | Reached XP level 2. HP: 24/26 MP: 1/1
   429 | D:1      | Reached skill level 5 in Axes
   443 | D:1      | Reached XP level 3. HP: 26/31 MP: 2/2
   508 | D:1      | Reached ** piety under Trog
   863 | D:2      | Reached skill level 6 in Axes
   863 | D:2      | Reached XP level 4. HP: 39/39 MP: 3/3
  1191 | D:2      | Reached XP level 5. HP: 45/45 MP: 4/4
  1210 | D:2      | Reached skill level 7 in Axes
  1375 | D:2      | Found a blossoming altar of Fedhas.
  1686 | D:2      | Reached *** piety under Trog
  1765 | D:2      | Found a shadowy altar of Dithmenos.
  2045 | D:2      | Reached skill level 8 in Axes
  2163 | D:2      | Noticed Terence
  2169 | D:2      | Killed Terence
  2169 | D:2      | Reached XP level 6. HP: 51/51 MP: 5/5
  2615 | D:3      | Reached skill level 9 in Axes
  2876 | D:3      | Noticed Sigmund
  2885 | D:3      | Killed Sigmund
  2885 | D:3      | Reached XP level 7. HP: 57/57 MP: 6/6
  2954 | D:3      | Reached **** piety under Trog
  3100 | D:3      | Found an ornate altar of the Wu Jian Council.
  3141 | D:3      | Reached skill level 10 in Axes
  3847 | D:4      | Found Astri's Armour Boutique.
  3889 | D:4      | Reached skill level 11 in Axes
  4248 | D:4      | Reached XP level 8. HP: 61/64 MP: 7/7
  4497 | D:5      | Entered Level 5 of the Dungeon
  4603 | D:5      | Reached skill level 12 in Axes
  4652 | D:5      | Found a bloodstained altar of Trog.
  5129 | D:6      | Reached skill level 13 in Axes
  5149 | D:6      | Reached ***** piety under Trog
  5354 | D:6      | Reached XP level 9. HP: 70/70 MP: 8/8
  5422 | D:6      | Reached skill level 14 in Axes
  6306 | D:7      | Reached skill level 15 in Axes
  6309 | D:7      | Found a staircase to the Ecumenical Temple.
  6441 | D:7      | Found a shattered altar of Ashenzari.
  6441 | D:7      | Found a glowing golden altar of the Shining One.
  6442 | D:7      | Found a hide-covered altar of Uskayaw.
  6443 | D:7      | Found a basalt altar of Yredelemnul.
  6444 | D:7      | Found a burning altar of Makhleb.
  6638 | D:8      | Found a shimmering altar of Xom.
  6639 | D:8      | Found a sparkling altar of Nemelex Xobeh.
  6940 | D:8      | Noticed a two-headed ogre
  6948 | D:8      | Killed a two-headed ogre
  6948 | D:8      | Reached skill level 16 in Axes
  6948 | D:8      | Reached XP level 10. HP: 47/77 MP: 9/9
  7268 | D:8      | Noticed Harold
  7283 | D:8      | Killed Harold
  7283 | D:8      | Reached skill level 17 in Axes
  7383 | D:8      | Received a gift from Trog
  7880 | D:9      | Reached skill level 5 in Fighting
  7902 | D:9      | Reached skill level 5 in Armour
  8051 | D:9      | Found a staircase to the Lair.
  8158 | D:9      | Noticed a two-headed ogre
  8526 | D:9      | Killed a two-headed ogre
  8526 | D:9      | Reached XP level 11. HP: 91/92 MP: 10/10
  8923 | D:9      | HP: 7/141 [electric eel/bolt of electricity (9)]
  9299 | D:10     | Entered Level 10 of the Dungeon
  9438 | D:10     | Noticed a two-headed ogre
  9442 | D:10     | Killed a two-headed ogre
 10072 | D:10     | Noticed an ogre mage
 10072 | D:10     | Noticed a red ugly thing
 10086 | D:10     | Received a gift from Trog
 10095 | D:10     | Reached skill level 10 in Fighting
 10096 | D:10     | HP: 7/148 [red ugly thing (4)]
 10096 | D:10     | Mangled by a red ugly thing

Skill      XL: |  1  2  3  4  5  6  7  8  9 10 11 |
---------------+----------------------------------+-----
Axes           | 4 5 6 8 9 11 13 16 17 | 17.1
Fighting       | 7 10 | 10.0
Armour         | 6 9 |  9.6
Dodging        | |  2.1

Action                   |  1- 3 |  4- 6 |  7- 9 | 10-12 || total
-------------------------+-------+-------+-------+-------++-------
Melee: Hand axe          |    77 |   116 |       |       ||   193
       Headbutt          |    11 |    25 |    40 |    62 ||   138
       War axe           |       |    28 |   253 |    42 ||   323
       Executioner's axe |       |       |       |   236 ||   236
Invok: Berserk           |     1 |     3 |     2 |     4 ||    10
  Use: Scroll            |       |     7 |       |       ||     7
  Eat: Chunk             |       |     9 |    16 |    13 ||    38
Armor: Ring mail         |    33 |    61 |    18 |       ||   112
       Plate armour      |       |       |   114 |   183 ||   297
Dodge: Dodged            |    57 |    75 |   102 |   111 ||   345
